AoeStats
← ITVE | Jose.Antonio.Paez

Arena

509261660Analyzed
4v4 RM · 6d ago on Sep 26, 2026· 51m 41s· 8 players
Game mode
Random Map
Map size
Large (8 player)
Population
200
Speed
Normal
Resources
Standard
Victory
Conquest
Starting age
Dark Age
Ending age
Imperial Age
RankedLock teamsTeams togetherTeam positionsShared explorationLock speedFull tech treeHidden civsTurbo modeCheats
Victory
Defeat
🇺🇸 Romans · United States
995
+15
🇪🇨 Aztecs · Ecuador
983
+15
🇨🇱 Chinese · Chile
959
+16
🇺🇸 Goths · United States
823
+22
🇧🇴 Lithuanians · Bolivia
992
-18
🇧🇷 Burgundians · Brazil
989
-18
🇲🇽 Spanish · Mexico
944
-16
🇲🇽 Khmer · Mexico
940
-16
PsicoDelico
5:16 Double-Bit Axe
6:36 Horse Collar
9:21 Wheelbarrow
11:41 Feudal Age
11:51 Gold Mining
12:23 Loom
13:22 Bow Saw
13:16 Heavy Plow
17:29 Castle Age
17:59 Hand Cart
19:13 Two-Man Saw
19:32 Town Watch
21:11 Stone Mining
21:56 Gold Shaft Mining
23:06 Stone Shaft Mining
27:35 Crop Rotation
28:56 Forging
29:47 Husbandry
29:08 Cavalier
30:00 Scale Barding Armor
34:30 Imperial Age
32:35 Burgundian Vineyards
33:10 Town Patrol
33:50 Iron Casting
33:34 Fortified Wall
34:59 Chain Barding Armor
34:54 Paladin
37:38 Blast Furnace
37:14 Plate Barding Armor
37:09 Fletching
37:07 Arrowslits
38:23 Chemistry
37:20 Murder Holes
37:06 Treadmill Crane
37:47 Ballistics
37:37 Masonry
43:37 Caravan
45:11 Pikeman
45:51 Squires
45:56 Scale Mail Armor
46:29 Architecture
47:27 Chain Mail Armor
50:13 Bodkin Arrow
Magomi
4:01 Loom
11:32 Feudal Age
15:43 Castle Age
14:00 Double-Bit Axe
14:16 Horse Collar
14:33 Stone Mining
17:29 Heavy Plow
20:02 Bow Saw
22:05 Wheelbarrow
25:03 Stone Shaft Mining
24:19 Gold Mining
25:27 Hand Cart
29:36 Imperial Age
28:13 Fortified Wall
28:46 Gold Shaft Mining
30:32 Forging
30:22 Scale Mail Armor
30:30 Scale Barding Armor
30:25 Padded Archer Armor
30:59 Heavy Scorpion
33:15 Crop Rotation
33:14 Conscription
33:27 Elite Ballista Elephant
34:36 Fletching
35:09 Leather Archer Armor
35:27 Ballistics
35:25 Husbandry
35:59 Double Crossbow
36:37 Chain Mail Armor
36:19 Bodkin Arrow
37:40 Chemistry
37:22 Iron Casting
37:30 Chain Barding Armor
38:24 Ring Archer Armor
38:21 Siege Engineers
40:48 Tusk Swords
42:13 Chain Barding Armor
44:06 Plate Barding Armor
44:32 Blast Furnace
43:43 Bracer
43:55 Masonry
45:26 Architecture
Edcastillo
9:47 Feudal Age
12:34 Horse Collar
17:32 Castle Age
16:31 Forging
16:59 Stone Mining
17:48 Double-Bit Axe
21:25 Wheelbarrow
26:05 Hand Cart
25:57 Scale Mail Armor
27:23 Gold Mining
31:39 Imperial Age
29:14 Heavy Plow
30:30 Bow Saw
31:46 Iron Casting
31:17 Scale Barding Armor
33:53 Onager
34:59 Chain Mail Armor
35:05 Chain Barding Armor
34:38 Pikeman
35:20 Squires
39:42 Elite Leitis
43:09 Halberdier
Javier137649
0:29 Loom
10:30 Feudal Age
15:37 Castle Age
ITVE | Jose.Antonio.Paez
4:38 Loom
9:22 Feudal Age
13:08 Castle Age
10:54 Loom
11:35 Double-Bit Axe
23:58 Town Watch
24:48 Wheelbarrow
27:53 Bow Saw
34:49 Ballistas
37:15 Scale Mail Armor
37:25 Forging
40:12 Imperial Age
37:46 Pikeman
38:44 Chain Mail Armor
38:41 Squires
40:07 Horse Collar
41:39 Iron Casting
41:02 Halberdier
43:16 Man-at-Arms
44:19 Long Swordsman
46:25 Legionary
46:56 Heavy Scorpion
48:21 Elite Centurion
gabrielc.c.f.c
14:36 Feudal Age
15:52 Stone Mining
18:12 Castle Age
17:21 Double-Bit Axe
20:52 Bow Saw
20:36 Horse Collar
22:37 Anarchy
24:01 Wheelbarrow
24:25 Heavy Plow
24:21 Gold Mining
29:08 Hand Cart
33:16 Caravan
35:50 Squires
35:11 Pikeman
35:45 Fletching
35:56 Padded Archer Armor
36:07 Forging
35:58 Scale Mail Armor
41:04 Imperial Age
40:29 Treadmill Crane
41:00 Masonry
41:09 Elite Huskarl
41:51 Perfusion
43:12 Iron Casting
42:33 Bodkin Arrow
42:54 Chain Mail Armor
44:45 Leather Archer Armor
44:31 Bracer
45:32 Blast Furnace
44:54 Halberdier
52:08 Ring Archer Armor
Alexander
11:26 Feudal Age
11:31 Feudal Age
9:47 Loom
17:18 Castle Age
15:58 Double-Bit Axe
16:57 Forging
19:48 Iron Casting
20:22 Pikeman
22:20 Wheelbarrow
22:25 Horse Collar
23:39 Squires
25:47 Heavy Plow
27:09 Arson
27:55 Gold Mining
29:01 Eagle Warrior
29:53 Scale Mail Armor
30:44 Town Watch
35:50 Imperial Age
34:56 Hand Cart
35:50 Capped Ram
37:38 Blast Furnace
36:53 Chain Mail Armor
37:06 Garland Wars
37:06 Conscription
37:06 Siege Ram
38:33 Elite Eagle Warrior
40:00 Plate Mail Armor
IronWill
0:27 Loom
11:12 Feudal Age
15:31 Castle Age
13:36 Double-Bit Axe
13:31 Horse Collar
13:54 Horse Collar
21:13 Stone Mining
22:24 Wheelbarrow
22:52 Stone Shaft Mining
22:48 Gold Mining
23:20 Bow Saw
23:19 Heavy Plow
24:39 Hand Cart
25:04 Gold Shaft Mining
25:11 Town Watch
29:27 Imperial Age
26:58 Town Patrol
27:39 Coinage
27:10 Caravan
27:36 Squires
27:21 Arson
27:39 Scale Mail Armor
28:37 Ballistics
28:39 Forging
28:45 Chain Mail Armor
28:21 Fletching
28:31 Padded Archer Armor
30:03 Fortified Wall
30:50 Banking
30:52 Plate Mail Armor
30:57 Iron Casting
29:58 Elite Fire Lancer
31:15 Conscription
30:27 Crossbowman
30:48 Capped Ram
32:07 Bodkin Arrow
32:28 Leather Archer Armor
32:01 Siege Ram
33:45 Chemistry
33:34 Great Wall
33:34 Elite Chu Ko Nu
35:05 Bracer
36:05 Blast Furnace
35:21 Thumb Ring
35:42 Sappers
36:52 Ring Archer Armor
37:42 Masonry
37:28 Murder Holes
38:23 Rocketry
37:35 Heavy Rocket Cart
38:08 Arbalester
41:19 Bombard Tower
41:30 Architecture
43:13 Scale Barding Armor
43:25 Devotion
43:45 Sanctity
44:03 Bloodlines
43:53 Husbandry
44:16 Chain Barding Armor
43:18 Cavalier
44:36 Pikeman
46:51 Plate Barding Armor
45:57 Halberdier
50:35 Two-Man Saw
Connection lost

Rejoining the realm…

Still unreachable

The connection could not be restored.

Session expired

The server has moved on; the page needs a fresh start.